 Dungeon Crawl Stone Soup version 0.21.1-1-g345015f (webtiles) character file.

5869 Fang the Cleaver (level 10, -1/65 HPs)
             Began as a Gargoyle Berserker on May 10, 2018.
             Was an Elder of Trog.
             Slain by an orc warrior
             ... wielding a +0 dire flail
              (10 damage)
             ... on level 8 of the Dungeon.
             The game lasted 00:09:59 (7320 turns).

Fang the Cleaver (Gargoyle Berserker)               Turns: 7320, Time: 00:09:59

Health: -1/65      AC: 11    Str: 27    XL:     10   Next: 81%
Magic:  10/10      EV: 14    Int: 12    God:    Trog [****..]
Gold:   317        SH:  0    Dex:  9    Spells: 9/9 levels left

rFire    . . .     SeeInvis .   p - +4 battleaxe
rCold    . . .     Gourm    .   (shield currently unavailable)
rNeg     + . .     Faith    .   b - +2 animal skin
rPois    ∞         Spirit   .   (no helmet)
rElec    +         Reflect  .   (no cloak)
rCorr    .         Harm     .   (no gloves)
MR       .....                  (no boots)
Stlth    ++........             l - amulet of regeneration
HPRegen  0.60/turn              d - +4 ring of intelligence
MPRegen  0.12/turn              v - +3 ring of strength

@: berserk cooldown, slowed, very slow
A: negative energy resistance 1, electricity resistance, unbreathing,
petrification resistance, rot immunity, AC +7
a: Berserk, Trog's Hand, Brothers in Arms, Burn Spellbooks, Renounce Religion


You were on level 8 of the Dungeon.
You worshipped Trog.
Trog was greatly pleased with you.
You were not hungry.

You visited 1 branch of the dungeon, and saw 8 of its levels.

You collected 317 gold pieces.

Inventory:

Hand Weapons
 a - a +2 hand axe
 p - a +4 battleaxe (weapon)
Armour
 b - a +2 animal skin (worn)
Jewellery
 d - a +4 ring of intelligence (left hand)
 l - an amulet of regeneration (around neck)
 v - a +3 ring of strength (right hand)
Wands
 f - a wand of polymorph (18)
 q - a wand of flame (24)
Scrolls
 e - 4 scrolls of identify
 k - 2 scrolls of remove curse
 m - 2 scrolls of teleportation
Potions
 g - 3 potions of magic
 h - a potion of lignification {unknown}
 i - 3 potions of agility
 j - 3 potions of curing
 n - a potion of cancellation
 o - a potion of haste
 s - 2 potions of might
Comestibles
 c - 10 rations


   Skills:
 + Level 8.8 Fighting
 + Level 10.6 Axes
 + Level 2.3 Armour
 + Level 6.4 Dodging
 + Level 4.5 Stealth


You had 9 spell levels left.
You didn't know any spells.

Dungeon Overview and Level Annotations

Branches:
Dungeon (8/15)             Temple (0/1) D:6            Lair (0/6) D:8

Altars:
Ashenzari
Nemelex Xobeh
Sif Muna

Annotations:
D:7 exclusion: oklob plant


Innate Abilities, Weirdness & Mutations

You are resistant to torment.
Your stone body is resilient. (AC +7)
You are immune to poison.
You resist negative energy. (rN+)
You are resistant to electric shocks. (rElec)
You can survive without breathing.
You are immune to petrification.
You are immune to rotting.


Message History

Items here: ))) [[[ An orc warrior comes into view.
It is wielding a dire flail.
Items here: )))) [[[[ †
Items here: ))) [[[
p - an enchanted battleaxe Wield which item (- for none, * to show all)? (? for menu, Esc to quit)
p - a +4 battleaxe (weapon)
The orc warrior shouts!
Things that are here:
a trident; a robe The orc warrior hits you with a dire flail!!
* * * LOW HITPOINT WARNING * * *
Okay, then.
You eat one of the 11 rations.
That ration really hit the spot!
The orc warrior hits you with a dire flail!
* * * LOW HITPOINT WARNING * * *
The orc warrior barely misses you.
You feel better.
The orc warrior hits you with a dire flail!
You die...

...#.##PP.##.#
#.#..#...#..#
#..#...≈...#.
##....###...
#.......... #
#######.#..###..#.
.#.## #.?.......†....>.
.....?#.#####.####..#..
##..@o.#)!.# .##
#.......[### #
#.####..).###..# ..
###........ #.
##.)...## .. ....... .
.#..... ....... #.#####


You could see an orc warrior.

Vanquished Creatures
  Gastronok (D:8)
  The ghost of frimble the Cleaver, a novice GrFi of Okawaru (D:8)
  A hippogriff (D:3)
  A wyvern (D:7)
  The ghost of enygmata the Covert, an amateur SpEn (D:5)
  Menkaure (D:6)
  A water moccasin (D:7)
  An orc warrior (D:6)
  A sky beast (D:6)
  4 phantoms
  2 ice beasts
  An ogre (D:7)
  A centaur (D:7)
  The ghost of enemycoke the Cudgeler, an amateur OpBe of Trog (D:3)
  2 big kobolds
  2 bullfrogs (D:6)
  A water moccasin zombie (D:6)
  10 killer bees
  2 howler monkeys (D:7)
  5 wights (D:8)
  A centaur skeleton (D:4)
  A jelly (D:7)
  An orc priest (D:8)
  2 hounds
  6 orc wizards
  Jessica (D:3)
  5 iguanas
  11 worker ants
  A worker ant zombie (D:7)
  17 adders
  2 shadow imps
  2 oozes
  A dart slug (D:5)
  3 leopard geckos
  18 orcs
  7 goblins
  4 hobgoblins
  9 jackals
  10 kobolds
  2 quokkas
  9 bats
  7 frilled lizards
  17 rats
  3 fungi (D:8)
  2 plants (D:8)
182 creatures vanquished.

Notes
Turn   | Place    | Note
-------+----------+-------------------------------------------
     0 | D:1      | Fang the Gargoyle Berserker began the quest for the Orb.
     0 | D:1      | Reached XP level 1. HP: 14/14 MP: 1/1
    21 | D:1      | Reached XP level 2. HP: 18/19 MP: 2/2
    27 | D:1      | Reached skill level 3 in Axes
   270 | D:1      | Reached XP level 3. HP: 24/24 MP: 3/3
   673 | D:2      | Reached ** piety under Trog
   824 | D:2      | Reached XP level 4. HP: 20/29 MP: 4/4
   975 | D:2      | Reached skill level 4 in Axes
  1136 | D:3      | Noticed a hippogriff
  1144 | D:3      | Killed a hippogriff
  1144 | D:3      | Reached skill level 5 in Axes
  1144 | D:3      | Reached XP level 5. HP: 33/34 MP: 5/5
  1144 | D:3      | Reached XP level 6. HP: 37/39 MP: 6/6
  1249 | D:3      | Reached skill level 1 in Stealth
  1283 | D:3      | Noticed Jessica
  1297 | D:3      | Killed Jessica
  1480 | D:3      | Noticed enemycoke's ghost (amateur OpBe)
  1490 | D:3      | Killed enemycoke's ghost
  1621 | D:3      | Reached XP level 7. HP: 32/44 MP: 7/7
  2276 | D:4      | Reached skill level 6 in Axes
  2297 | D:4      | Reached skill level 5 in Fighting
  2751 | D:5      | Entered Level 5 of the Dungeon
  3210 | D:4      | Found a sparkling altar of Nemelex Xobeh.
  3317 | D:4      | Reached *** piety under Trog
  3524 | D:4      | Found a deep blue altar of Sif Muna.
  3595 | D:4      | Reached XP level 8. HP: 38/49 MP: 8/8
  3699 | D:4      | Reached skill level 7 in Axes
  4238 | D:5      | Noticed enygmata's ghost (amateur SpEn)
  4294 | D:5      | Killed enygmata's ghost
  5347 | D:6      | Noticed Menkaure
  5354 | D:6      | Killed Menkaure
  5406 | D:6      | Found a staircase to the Ecumenical Temple.
  5426 | D:6      | Reached XP level 9. HP: 56/56 MP: 9/9
  5527 | D:6      | Received a gift from Trog
  5530 | D:6      | Reached skill level 8 in Axes
  6151 | D:7      | Reached skill level 5 in Dodging
  6464 | D:7      | Found a shattered altar of Ashenzari.
  6464 | D:7      | Noticed an oklob plant
  6584 | D:7      | Reached **** piety under Trog
  6586 | D:7      | Reached skill level 9 in Axes
  6964 | D:8      | Found a staircase to the Lair.
  6964 | D:8      | Noticed Gastronok
  6981 | D:7      | Reached XP level 10. HP: 30/64 MP: 10/10
  7044 | D:8      | Noticed frimble's ghost (novice GrFi)
  7057 | D:8      | Killed Gastronok
  7057 | D:8      | Reached skill level 10 in Axes
  7143 | D:8      | Killed frimble's ghost
  7319 | D:8      | HP: 3/65 [orc warrior/dire flail (11)]
  7320 | D:8      | Slain by an orc warrior

Skill      XL: |  1  2  3  4  5  6  7  8  9 10 |
---------------+-------------------------------+-----
Axes           | 3 5 6 7 9 10 | 10.6
Fighting       | 4 5 6 7 8 |  8.8
Dodging        | 2 3 4 5 6 |  6.4
Stealth        | 1 2 3 4 |  4.5
Armour         | |  2.3

Action                   |  1- 3 |  4- 6 |  7- 9 | 10-12 || total
-------------------------+-------+-------+-------+-------++-------
Melee: Hand axe          |    85 |    65 |   634 |   107 ||   891
Invok: Berserk           |       |     4 |    11 |     3 ||    18
       Burn Spellbooks   |       |       |     1 |       ||     1
  Use: Potion            |       |       |     6 |     3 ||     9
       Scroll            |       |       |    15 |       ||    15
 Stab: Sleeping          |       |     1 |     4 |       ||     5
  Eat: Chunk             |       |     5 |    14 |     3 ||    22
       Ration            |       |       |     4 |     1 ||     5
Armor: Animal skin       |    37 |    11 |   177 |    17 ||   242
Dodge: Dodged            |    74 |    40 |   409 |    24 ||   547
